 Dungeon Crawl Stone Soup version 0.22-a0-848-ge9e22a0 (webtiles) character file.

458 Amnesiac the Magician (level 6, -8/41 HPs)
             Began as a Mummy Earth Elementalist on July 26, 2018.
             Mangled by a gnoll
             ... wielding a +0 spear
              (9 damage)
             ... on level 4 of the Dungeon.
             The game lasted 00:03:35 (1584 turns).

Amnesiac the Magician (Mummy Earth Elementalist)    Turns: 1584, Time: 00:03:35

Health: -8/41      AC:  2    Str: 12    XL:     6   Next: 77%
Magic:  3/13       EV: 11    Int: 16    God:
Gold:   31         SH:  4    Dex: 12    Spells: 0/15 levels left

rFire    x . .     SeeInvis .   k - +0 hunting sling
rCold    + . .     Gourm    .   f - +0 buckler
rNeg     + + +     Faith    .   c - +0 robe
rPois    ∞         Spirit   .   (no helmet)
rElec    .         Reflect  .   (no cloak)
rCorr    .         Harm     .   (no gloves)
MR       .....                  (no boots)
Stlth    ++........             (no amulet)
HPRegen  0.13/turn              (no ring)
MPRegen  0.13/turn              (no ring)

@: no status effects
A: no food or potions, fire vulnerability, cold resistance 1, negative energy
resistance 3, torment resistance, unbreathing
a: no special abilities


You were on level 4 of the Dungeon.
You were not hungry.

You visited 1 branch of the dungeon, and saw 5 of its levels.

You collected 31 gold pieces.

Inventory:

Hand Weapons
 a - a +0 dagger
 k - a +0 hunting sling (weapon)
Missiles
 b - 25 stones
 l - 4 sling bullets (quivered)
Armour
 c - a +0 robe (worn)
 f - a +0 buckler (worn)
Wands
 h - a wand of digging (17)
Scrolls
 d - 2 scrolls of fear {!r, unknown}
 e - 2 scrolls of amnesia {!r, unknown}
 g - a scroll of immolation {!r, unknown}
 i - a scroll of enchant armour {!r, unknown}
 j - a scroll of fog {!r, unknown}


   Skills:
 - Level 1.5 Dodging
 - Level 1.5 Stealth
 + Level 2.1 Shields
 + Level 5.1 Spellcasting
 - Level 0.7 Transmutations
 * Level 5.1 Earth Magic


You couldn't memorise any spells.
You knew the following spells:

 Your Spells              Type           Power        Failure   Level  Hunger
a - Sandblast             Erth           ###...       2%          1    N/A
b - Passwall              Tmut/Erth      ##......     9%          2    N/A
c - Stone Arrow           Conj/Erth      ##....       21%         3    N/A
d - Lee's Rapid Deconstr  Erth           ###.......   54%         5    N/A
e - Petrify               Tmut/Erth      ##......     50%         4    N/A

Your spell library contained the following spells:

 Spells                   Type           Power        Failure   Level  Hunger


Dungeon Overview and Level Annotations

Branches:
Dungeon (5/15)
 Temple: D:4-7

Altars:
Nemelex Xobeh


Innate Abilities, Weirdness & Mutations

You do not eat or drink.
Your flesh is vulnerable to fire.
You are immune to poison.
Your flesh is cold resistant. (rC+)
You are immune to negative energy. (rN+++)
You are immune to unholy pain and torment.
You can survive without breathing.


Message History

The gnoll shaman hits you with a whip.
* * * LOW HITPOINT WARNING * * *
Casting: Sandblast (safe; 2% risk of failure)
Confirm with . or Enter, or press ? or * to list all spells.
Aiming: Sandblast (safe; 2% risk of failure)
Press: ? - help, Shift-Dir - straight line, f/p - gnoll shaman
Aim: a gnoll shaman, wielding a whip and wearing a leather armour (severely wounded)
The blast of sand hits the gnoll shaman.
The gnoll shaman is almost dead.
b - 30 stones You block the gnoll shaman's attack.
Casting: Sandblast (safe; 2% risk of failure)
Confirm with . or Enter, or press ? or * to list all spells.
Aiming: Sandblast (safe; 2% risk of failure)
Press: ? - help, Shift-Dir - straight line, f/p - gnoll shaman
Aim: a gnoll shaman, wielding a whip and wearing a leather armour (almost dead)
The blast of sand hits the gnoll shaman.
The gnoll shaman is almost dead.
b - 29 stones The gnoll shaman utters an invocation to its god.
The gnoll shaman is healed somewhat.
Casting: Sandblast (safe; 2% risk of failure)
Confirm with . or Enter, or press ? or * to list all spells.
Aiming: Sandblast (safe; 2% risk of failure)
Press: ? - help, Shift-Dir - straight line, f/p - gnoll shaman
Aim: a gnoll shaman, wielding a whip and wearing a leather armour (severely wounded)
The blast of sand hits the gnoll shaman.
The gnoll shaman is severely wounded.
b - 28 stones The gnoll shaman barely misses you.
Unknown command.
Casting: Sandblast (safe; 2% risk of failure)
Confirm with . or Enter, or press ? or * to list all spells.
Aiming: Sandblast (safe; 2% risk of failure)
Press: ? - help, Shift-Dir - straight line, f/p - gnoll shaman
Aim: a gnoll shaman, wielding a whip and wearing a leather armour (heavily wounded)
The blast of sand hits the gnoll shaman.
You kill the gnoll shaman!
b - 27 stones Unknown command.
Your magical contamination has completely faded away.
Items here: )) [ † a club; a ring mail; a flail; a gnoll corpse
Casting: Sandblast (safe; 2% risk of failure)
Confirm with . or Enter, or press ? or * to list all spells.
Aiming: Sandblast (safe; 2% risk of failure)
Press: ? - help, Shift-Dir - straight line, f - gnoll
Aim: a gnoll, wielding a spear The blast of sand hits the gnoll.
The gnoll is severely wounded.
b - 26 stones The gnoll hits you from afar with a spear!
* * * LOW HITPOINT WARNING * * *
Unknown command.
Casting: Sandblast (safe; 2% risk of failure)
Confirm with . or Enter, or press ? or * to list all spells.
Aiming: Sandblast (safe; 2% risk of failure)
Press: ? - help, Shift-Dir - straight line, f/p - gnoll
Aim: a gnoll, wielding a spear (severely wounded)
The blast of sand hits the gnoll.
The gnoll is severely wounded.
b - 25 stones The gnoll hits you from afar with a spear!
You die...

..........### ##......## #...#..#
#......# ####..#.# #
##....##......##
...######.....#######....#####..g
...(...........#########..>.....g
#######.....(.()@)gg......####..g
##......(##########.....
##.....## ## ### #>.%....#
#.(.....# #.......# ##.....##
##...## #####


You could see 2 gnolls.

Vanquished Creatures
  A phantom (D:4)
  2 ogres (D:4)
  A scorpion (D:4)
  A hound (D:3)
  A gnoll shaman (D:4)
  A hound skeleton (D:4)
  2 adders
  4 gnolls
  A worm (D:3)
  2 dart slugs
  2 leopard geckos
  3 orcs
  5 goblins
  4 bats
  2 frilled lizards (D:1)
  3 kobolds
  A leopard gecko skeleton (D:4)
  2 rats (D:1)
38 creatures vanquished.

Notes
Turn   | Place    | Note
-------+----------+-------------------------------------------
     0 | D:1      | Amnesiac the Mummy Earth Elementalist began the quest for the Orb.
     0 | D:1      | Reached XP level 1. HP: 13/13 MP: 4/4
   518 | D:1      | Reached XP level 2. HP: 19/19 MP: 3/5
   522 | D:1      | Learned a level 2 spell: Passwall
   620 | D:3      | Found a sparkling altar of Nemelex Xobeh.
   626 | D:3      | Reached XP level 3. HP: 20/24 MP: 2/8
   815 | D:3      | Reached XP level 4. HP: 15/30 MP: 7/9
   820 | D:3      | Learned a level 3 spell: Stone Arrow
   825 | D:3      | Learned a level 4 spell: Petrify
   977 | D:5      | Entered Level 5 of the Dungeon
  1093 | D:4      | Noticed an ogre
  1157 | D:4      | Noticed an ogre
  1167 | D:4      | Killed an ogre
  1167 | D:4      | Reached skill level 1 in Shields
  1167 | D:4      | Reached XP level 5. HP: 12/35 MP: 6/11
  1501 | D:4      | Noticed a phantom
  1512 | D:4      | Killed a phantom
  1512 | D:4      | Reached XP level 6. HP: 41/41 MP: 9/13
  1563 | D:4      | Reached skill level 5 in Spellcasting
  1563 | D:4      | Reached skill level 5 in Earth Magic
  1575 | D:4      | Learned a level 5 spell: Lee's Rapid Deconstruction
  1583 | D:4      | HP: 1/41 [gnoll/spear (11)]
  1584 | D:4      | Mangled by a gnoll

Vault maps used:
D:1:      evilmike_arrival_run_for_it, serial_forest,
          infiniplex_forest_corner_1, infiniplex_forest_pool,
          infiniplex_forest_lined_room_2, infiniplex_forest_clump_tiny,
          infiniplex_forest_clump_cross, infiniplex_forest_lined_4_way
D:2:      gammafunk_temple_overflow_elements, first_ration
D:3:      nemelex_xobeh_ov_fountains_minmay
D:5:      amethyst_overflow_temple_binary, gammafunk_temple_overflow_wave,
          uniq_duvessa

Skill      XL: |  1  2  3  4  5  6 |
---------------+-------------------+-----
Spellcasting   | 3 4 5 |  5.1
Earth Magic    | 3 4 5 |  5.1
Shields        | 1 2 |  2.1
Dodging        | |  1.5
Stealth        | |  1.5
Transmutations | |  0.7

Action                   |  1- 3 |  4- 6 || total
-------------------------+-------+-------++-------
Melee: Unarmed           |    29 |       ||    29
       Dagger            |    11 |       ||    11
 Fire: Hunting sling     |       |    33 ||    33
 Cast: Sandblast         |    23 |    33 ||    56
 Stab: Sleeping          |     4 |       ||     4
Armor: Robe              |     7 |     1 ||     8
Dodge: Dodged            |    36 |    10 ||    46
Block: Buckler           |       |     1 ||     1

Table legend:
 A = Spawn XP
 B = Non-spawn XP
 C = Spawn XP percentage of total XP
 D = Spawn monster count
 E = Non-spawn monster count
 F = Spawn count percentage of total count
 G = Total turns spent on level
                    A         B        C        D         E        F      G
               +---------+---------+-------+---------+---------+-------+---------
         Total |       0 |     655 |   0.0 |       0 |      38 |   0.0 |  1584
               +---------+---------+-------+---------+---------+-------+---------
           D:1 |       0 |      28 |   0.0 |       0 |      11 |   0.0 |   611
           D:2 |       0 |       3 |   0.0 |       0 |       3 |   0.0 |    75
           D:3 |       0 |      71 |   0.0 |       0 |       9 |   0.0 |   252
           D:4 |       0 |     553 |   0.0 |       0 |      15 |   0.0 |   626
               +---------+---------+-------+---------+---------+-------+---------
